TOP OF THE 1ST |
Everett AquaSox batting - Pitching for Spokane Indians : RHP Thomas Crowner
|
Pitching: RHP Thomas Crowner
|
|
Batting: RHB Tomokazu Sugimoto
|
0-0: Ball 1-0: TRIPLE (Line Drive, 9LD, EV 106.2 MPH)
|
Batting: LHB Addisu Nyamekye
|
0-0: Ball 1-0: Ball 2-0: Ball 3-0: Base on Balls
|
Batting: RHB Chris Skaff
|
0-0: Ball 1-0: Ball Wild Pitch! Tomokazu Sugimoto scores Addisu Nyamekye to second 2-0: Called Strike 2-1: Foul Ball, location: 2F 2-2: Strikes out swinging
|
Batting: RHB Kinzo Yokoyama
|
0-0: Called Strike 0-1: Hit by Pitch
|
Batting: RHB Robby Adair
|
0-0: Called Strike 0-1: Foul Ball, location: 2F 0-2: Ball 1-2: Ball 2-2: Ball 3-2: Foul Ball, location: 2F 3-2: Fly out, F9 (Flyball, 9, EV 88.8 MPH)
|
Batting: LHB Ryan Daniels
|
0-0: Ball 1-0: Called Strike 1-1: Ball 2-1: Foul Ball, location: 2F 2-2: Foul Ball, location: 2F 2-2: Strikes out swinging
|
Top of the 1st over - 1 run, 1 hit, 0 errors, 2 left on base; Everett 1 - Spokane 0 |
BOTTOM OF THE 1ST |
Spokane Indians batting - Pitching for Everett AquaSox : RHP Mike Watkins
|
Pitching: RHP Mike Watkins
|
|
Batting: RHB Orlando Melchor
|
0-0: Ball 1-0: Ball 2-0: Foul Ball, location: 2F 2-1: Ball 3-1: Foul Ball, location: 2F 3-2: Foul Ball, location: 2F 3-2: Ground out 5-3 (Groundball, 5, EV 105.0 MPH)
|
Batting: RHB Danny Odom
|
0-0: Ball 1-0: Ball 2-0: Ball 3-0: Base on Balls
|
Batting: RHB Joe Fiorito
|
0-0: Called Strike 0-1: SINGLE (Groundball, 5D, EV 97.5 MPH) Danny Odom to second
|
Batting: RHB Luke Stark
|
0-0: Ball 1-0: Foul Ball, location: 2F 1-1: Ball 2-1: Foul Ball, location: 2F 2-2: Foul Ball, location: 2F 2-2: Foul Ball, location: 2F 2-2: SINGLE (Groundball, 34D, EV 95.6 MPH) Danny Odom to third Joe Fiorito to second Runner from 3rd tries for Home, throw by RF and OUT! 9-2 Joe Fiorito to third Luke Stark to second
|
Batting: LHB Yat-sen Zhu
|
0-0: Ball 1-0: Ball 2-0: Called Strike 2-1: Ball 3-1: Base on Balls
|
Batting: SHB Reagan Dudley
|
0-0: Ball 1-0: TRIPLE (Flyball, 78XD, EV 110.6 MPH) Joe Fiorito scores Luke Stark scores Yat-sen Zhu scores
|
Batting: LHB Caleb Domino
|
0-0: Swinging Strike 0-1: Swinging Strike 0-2: Ball Wild Pitch! Reagan Dudley scores 1-2: Ground out 1-3 (Groundball, 34S, EV 65.6 MPH)
|
Bottom of the 1st over - 4 runs, 3 hits, 0 errors, 0 left on base; Everett 1 - Spokane 4 |
TOP OF THE 2ND |
Everett AquaSox batting - Pitching for Spokane Indians : RHP Thomas Crowner
|
Batting: SHB Tony Morales
|
0-0: Ball 1-0: Ball 2-0: Foul Ball, location: 2F 2-1: Swinging Strike 2-2: Ball 3-2: Foul Ball, location: 2F 3-2: Strikes out swinging
|
Batting: RHB Richie Schraven
|
0-0: Swinging Strike 0-1: Called Strike 0-2: Ball 1-2: Foul Ball, location: 2F 1-2: Strikes out swinging
|
Batting: RHB Josh Carpenter
|
0-0: Called Strike 0-1: Called Strike 0-2: Ball 1-2: Strikes out swinging
|
Top of the 2nd over - 0 runs, 0 hits, 0 errors, 0 left on base; Everett 1 - Spokane 4 |
BOTTOM OF THE 2ND |
Spokane Indians batting - Pitching for Everett AquaSox : RHP Mike Watkins
|
Batting: RHB Luis Arce
|
0-0: Called Strike 0-1: Called Strike 0-2: Fly out, F7 (Flyball, 7LM, EV 108.8 MPH)
|
Batting: LHB Walter Vegter
|
0-0: Called Strike 0-1: Called Strike 0-2: Ball 1-2: Foul Ball, location: 2F 1-2: Fly out, F3 (Popup, 3F, EV 77.5 MPH)
|
Batting: RHB Orlando Melchor
|
0-0: Ball 1-0: Ball 2-0: Ball 3-0: Base on Balls
|
Batting: RHB Danny Odom
|
0-0: Ball Orlando Melchor steals 2nd base 1-0: Swinging Strike 1-1: Foul Ball, location: 2F 1-2: Ball 2-2: Foul Ball, location: 2F 2-2: Strikes out swinging
|
Bottom of the 2nd over - 0 runs, 0 hits, 0 errors, 1 left on base; Everett 1 - Spokane 4 |
TOP OF THE 3RD |
Everett AquaSox batting - Pitching for Spokane Indians : RHP Thomas Crowner
|
Batting: RHB Tomokazu Sugimoto
|
0-0: Called Strike 0-1: Ball 1-1: Foul Ball, location: 2F 1-2: Foul Ball, location: 2F 1-2: Ball 2-2: Strikes out swinging
|
Batting: LHB Addisu Nyamekye
|
0-0: Ball 1-0: Foul Ball, location: 2F 1-1: Called Strike 1-2: Ball 2-2: Strikes out swinging
|
Batting: RHB Chris Skaff
|
0-0: Swinging Strike 0-1: Called Strike 0-2: Ball 1-2: Strikes out swinging
|
Top of the 3rd over - 0 runs, 0 hits, 0 errors, 0 left on base; Everett 1 - Spokane 4 |
BOTTOM OF THE 3RD |
Spokane Indians batting - Pitching for Everett AquaSox : RHP Mike Watkins
|
Batting: RHB Joe Fiorito
|
0-0: Called Strike 0-1: Foul Ball, location: 2F 0-2: Foul Ball, location: 2F 0-2: Fly out, F8 (Flyball, 89D, EV 78.8 MPH)
|
Batting: RHB Luke Stark
|
0-0: Called Strike 0-1: Ball 1-1: Ball 2-1: Ball 3-1: Foul Ball, location: 2F 3-2: Foul Ball, location: 2F 3-2: Base on Balls
|
Batting: LHB Yat-sen Zhu
|
0-0: Fly out, F4 (Flyball, 34D, EV 85.6 MPH)
|
Batting: SHB Reagan Dudley
|
0-0: Ball 1-0: Ball 2-0: Called Strike Luke Stark steals 2nd base (no throw) 2-1: Ball 3-1: Foul Ball, location: 2F 3-2: SINGLE (Groundball, 4MS, EV 57.5 MPH) (infield hit) Luke Stark to third
|
Batting: LHB Caleb Domino
|
0-0: Fly out, F7 (Flyball, 7S, EV 85.6 MPH)
|
Bottom of the 3rd over - 0 runs, 1 hit, 0 errors, 2 left on base; Everett 1 - Spokane 4 |
TOP OF THE 4TH |
Everett AquaSox batting - Pitching for Spokane Indians : RHP Thomas Crowner
|
Batting: RHB Kinzo Yokoyama
|
0-0: Ball 1-0: Ball 2-0: Ball 3-0: Base on Balls
|
Batting: RHB Robby Adair
|
0-0: Fielders Choice at 2nd, 5-4 (Groundball, 5L, EV 84.4 MPH)
|
Batting: LHB Ryan Daniels
|
0-0: Ball 1-0: Ball 2-0: Ball 3-0: Foul Ball, location: 2F 3-1: Ground out 4-3 (Groundball, 13, EV 80.6 MPH) Robby Adair to second
|
Batting: SHB Tony Morales
|
0-0: Ball 1-0: Called Strike 1-1: Called Strike 1-2: Ball Wild Pitch! Robby Adair to third 2-2: Strikes out swinging
|
Top of the 4th over - 0 runs, 0 hits, 0 errors, 1 left on base; Everett 1 - Spokane 4 |
BOTTOM OF THE 4TH |
Spokane Indians batting - Pitching for Everett AquaSox : RHP Mike Watkins
|
Batting: RHB Luis Arce
|
0-0: Ball 1-0: Foul Ball, location: 2F 1-1: Ball 2-1: Swinging Strike 2-2: Foul Ball, location: 2F 2-2: Fly out, F7 (Flyball, 7D, EV 82.5 MPH)
|
Batting: LHB Walter Vegter
|
0-0: Ball 1-0: Ball 2-0: Ball 3-0: Called Strike 3-1: Foul Ball, location: 2F 3-2: Foul Ball, location: 2F 3-2: Foul Ball, location: 2F 3-2: Foul Ball, location: 2F 3-2: DOUBLE (Line Drive, 7LM, EV 106.9 MPH)
|
Pitching: LHP Chris Wheeler
|
|
Batting: RHB Orlando Melchor
|
0-0: Ball 1-0: Ball 2-0: Called Strike 2-1: Ball 3-1: Foul Ball, location: 2F 3-2: Strikes out looking
|
Batting: RHB Danny Odom
|
0-0: Ball 1-0: Ground out 4-3 (Groundball, 4, EV 91.2 MPH)
|
Bottom of the 4th over - 0 runs, 1 hit, 0 errors, 1 left on base; Everett 1 - Spokane 4 |
TOP OF THE 5TH |
Everett AquaSox batting - Pitching for Spokane Indians : RHP Thomas Crowner
|
Batting: RHB Richie Schraven
|
0-0: SINGLE (Groundball, P, EV 76.9 MPH) (infield hit)
|
Batting: RHB Josh Carpenter
|
0-0: Grounds into double play, 6-4-3 (Groundball, 6, EV 98.8 MPH)
|
Batting: RHB Tomokazu Sugimoto
|
0-0: Swinging Strike 0-1: Ball 1-1: Ground out 5-3 (Groundball, 56, EV 105.6 MPH)
|
Top of the 5th over - 0 runs, 1 hit, 0 errors, 0 left on base; Everett 1 - Spokane 4 |
BOTTOM OF THE 5TH |
Spokane Indians batting - Pitching for Everett AquaSox : LHP Chris Wheeler
|
Batting: RHB Joe Fiorito
|
0-0: Swinging Strike 0-1: Ball 1-1: Swinging Strike 1-2: Strikes out swinging
|
Batting: RHB Luke Stark
|
0-0: Called Strike 0-1: Called Strike 0-2: SOLO HOME RUN (Flyball, 78XD, EV 105.6 MPH), Distance : 390 ft
|
Batting: LHB Yat-sen Zhu
|
0-0: Ball 1-0: Called Strike 1-1: Ground out 4-3 (Groundball, 4, EV 83.1 MPH)
|
Batting: SHB Reagan Dudley
|
0-0: Ball 1-0: Swinging Strike 1-1: Ball 2-1: Foul Ball, location: 2F 2-2: Ball 3-2: Ground out 5-3 (Groundball, 5L, EV 81.9 MPH)
|
Bottom of the 5th over - 1 run, 1 hit, 0 errors, 0 left on base; Everett 1 - Spokane 5 |
TOP OF THE 6TH |
Everett AquaSox batting - Pitching for Spokane Indians : RHP Thomas Crowner
|
Batting: LHB Addisu Nyamekye
|
0-0: Ball 1-0: Ball 2-0: Swinging Strike 2-1: Ball 3-1: Foul Ball, location: 2F 3-2: Base on Balls
|
Batting: RHB Chris Skaff
|
0-0: Ball 1-0: Ball 2-0: Foul Ball, location: 2F 2-1: Fly out, F9 (Flyball, 9LS, EV 83.8 MPH)
|
Batting: RHB Kinzo Yokoyama
|
0-0: Ball 1-0: Ball Addisu Nyamekye steals 2nd base 2-0: Ground out 6-3 (Groundball, 6, EV 75.6 MPH) Addisu Nyamekye to third
|
Batting: RHB Robby Adair
|
0-0: Ground out 6-3 (Groundball, 6, EV 81.2 MPH)
|
Top of the 6th over - 0 runs, 0 hits, 0 errors, 1 left on base; Everett 1 - Spokane 5 |
BOTTOM OF THE 6TH |
Spokane Indians batting - Pitching for Everett AquaSox : LHP Chris Wheeler
|
Batting: LHB Caleb Domino
|
0-0: Ground out 6-3 (Groundball, 6, EV 82.5 MPH)
|
Batting: RHB Luis Arce
|
0-0: Ball 1-0: Foul Ball, location: 2F 1-1: Foul Ball, location: 2F 1-2: Ball 2-2: Ball 3-2: Reached on error, E6 (Groundball, 6, EV 88.1 MPH)
|
Batting: LHB Walter Vegter
|
0-0: Ball 1-0: Called Strike Luis Arce steals 2nd base 1-1: Called Strike Luis Arce steals 3rd base 1-2: Ground out 5-3 (Groundball, 56D, EV 92.5 MPH) Luis Arce scores
|
Batting: RHB Orlando Melchor
|
0-0: Ball 1-0: Ball 2-0: Called Strike 2-1: Ball 3-1: Called Strike 3-2: Base on Balls
|
Batting: RHB Danny Odom
|
0-0: Called Strike 0-1: Ball Orlando Melchor steals 2nd base 1-1: DOUBLE (Line Drive, 89D, EV 113.1 MPH) Orlando Melchor scores
|
Batting: RHB Joe Fiorito
|
0-0: Called Strike 0-1: Ball 1-1: SINGLE (Groundball, 56D, EV 102.5 MPH) Danny Odom to third Runner from 3rd tries for Home, SAFE, throw by LF to home
|
Batting: RHB Luke Stark
|
0-0: Ball 1-0: Called Strike 1-1: Ball 2-1: Ball 3-1: Base on Balls Joe Fiorito to second
|
Pitching: RHP Matt Lane
|
|
Batting: LHB Yat-sen Zhu
|
0-0: Called Strike 0-1: Ball 1-1: Foul Ball, location: 2F 1-2: Ball 2-2: Ball 3-2: Ground out 4-3 (Groundball, 4, EV 83.1 MPH)
|
Bottom of the 6th over - 3 runs, 2 hits, 1 error, 2 left on base; Everett 1 - Spokane 8 |
TOP OF THE 7TH |
Everett AquaSox batting - Pitching for Spokane Indians : RHP Thomas Crowner
|
Now at 2B: Luis Arce
|
|
Now at SS: Darnell Jones
|
|
Batting: LHB Ryan Daniels
|
0-0: Ball 1-0: Swinging Strike 1-1: Foul Ball, location: 2F 1-2: Ball 2-2: Ball 3-2: Base on Balls
|
Batting: SHB Tony Morales
|
0-0: Called Strike 0-1: Called Strike Ryan Daniels steals 2nd base 0-2: Ball 1-2: Ground out 4-3 (Groundball, 13, EV 77.5 MPH) Ryan Daniels to third
|
Batting: RHB Richie Schraven
|
0-0: Ball 1-0: Called Strike 1-1: Foul Ball, location: 2F 1-2: Foul Ball, location: 2F 1-2: Fly out, F8 (Flyball, 8LS, EV 78.8 MPH)
|
Pitching: RHP Wei-qian Ma
|
|
Batting: RHB Josh Carpenter
|
0-0: Called Strike 0-1: Foul Ball, location: 2F 0-2: Strikes out swinging
|
Top of the 7th over - 0 runs, 0 hits, 0 errors, 1 left on base; Everett 1 - Spokane 8 |
BOTTOM OF THE 7TH |
Spokane Indians batting - Pitching for Everett AquaSox : RHP Matt Lane
|
Batting: SHB Reagan Dudley
|
0-0: Ball 1-0: Called Strike 1-1: Ball 2-1: Ground out 4-3 (Groundball, 4, EV 79.4 MPH)
|
Batting: LHB Caleb Domino
|
0-0: Ball 1-0: Foul Ball, location: 2F 1-1: Ground out 4-3 (Groundball, 4, EV 85.6 MPH)
|
Pinch Hitting: RHB Zach Thomason
|
0-0: Called Strike 0-1: Ball 1-1: Ball 2-1: Ball 3-1: Base on Balls
|
Batting: LHB Walter Vegter
|
0-0: Ground out U3 (Groundball, 3, EV 95.6 MPH)
|
Bottom of the 7th over - 0 runs, 0 hits, 0 errors, 1 left on base; Everett 1 - Spokane 8 |
TOP OF THE 8TH |
Everett AquaSox batting - Pitching for Spokane Indians : RHP Wei-qian Ma
|
Now at 1B: Herb Craig
|
|
Now at 2B: Darnell Jones
|
|
Now at SS: Zach Thomason
|
|
Batting: RHB Tomokazu Sugimoto
|
0-0: Ball 1-0: Ground out 5-3 (Groundball, 56, EV 89.4 MPH)
|
Batting: LHB Addisu Nyamekye
|
0-0: Called Strike 0-1: Ground out 4-3 (Groundball, 4M, EV 85.0 MPH)
|
Batting: RHB Chris Skaff
|
0-0: Ball 1-0: Ball 2-0: Ball 3-0: Called Strike 3-1: Swinging Strike 3-2: Strikes out swinging
|
Top of the 8th over - 0 runs, 0 hits, 0 errors, 0 left on base; Everett 1 - Spokane 8 |
BOTTOM OF THE 8TH |
Spokane Indians batting - Pitching for Everett AquaSox : RHP Matt Lane
|
Batting: RHB Orlando Melchor
|
0-0: Ball 1-0: Called Strike 1-1: Ball 2-1: Foul Ball, location: 2F 2-2: Ball 3-2: Ground out 6-3 (Groundball, 6, EV 93.8 MPH)
|
Batting: RHB Danny Odom
|
0-0: Called Strike 0-1: Swinging Strike 0-2: Ball 1-2: Foul Ball, location: 2F 1-2: Ball 2-2: Foul Ball, location: 2F 2-2: Fly out, F3 (Line Drive, 3, EV 68.1 MPH)
|
Batting: RHB Joe Fiorito
|
0-0: Called Strike 0-1: Ball 1-1: Ball 2-1: Ball 3-1: Called Strike 3-2: Base on Balls
|
Pitching: RHP Eduardo Arlarcon
|
|
Batting: RHB Darnell Jones
|
0-0: Ball 1-0: Ground out 1-3 (Groundball, 34S, EV 68.8 MPH)
|
Bottom of the 8th over - 0 runs, 0 hits, 0 errors, 1 left on base; Everett 1 - Spokane 8 |
TOP OF THE 9TH |
Everett AquaSox batting - Pitching for Spokane Indians : RHP Wei-qian Ma
|
Batting: RHB Kinzo Yokoyama
|
0-0: Foul Ball, location: 2F 0-1: Swinging Strike 0-2: Strikes out swinging
|
Batting: RHB Robby Adair
|
0-0: Foul Ball, location: 2F 0-1: Ball 1-1: Ball 2-1: Called Strike 2-2: DOUBLE (Groundball, 3L, EV 102.5 MPH)
|
Batting: LHB Ryan Daniels
|
0-0: Ball 1-0: Swinging Strike 1-1: Foul Ball, location: 2F 1-2: Strikes out swinging
|
Batting: SHB Tony Morales
|
0-0: Reached on error, E4 (Groundball, 4, EV 92.5 MPH) Robby Adair to third
|
Batting: RHB Richie Schraven
|
0-0: Ball 1-0: Ball 2-0: Ball 3-0: Called Strike 3-1: Called Strike 3-2: Base on Balls Tony Morales to second
|
Pinch Hitting: LHB Chris Jackson
|
0-0: Fielders Choice at 2nd, U6 (Groundball, 6M, EV 76.9 MPH)
|
Top of the 9th over - 0 runs, 1 hit, 1 error, 3 left on base; Everett 1 - Spokane 8 |
|